 Dungeon Crawl Stone Soup version 0.14-a0-942-gbd853f2 (webtiles) character file.

221 Malachi the Skirmisher (level 4, 0/35 HPs)
             Began as a Demonspawn Abyssal Knight on Nov 19, 2013.
             Was a Believer of Lugonu.
             Succumbed to a kobold's poison
             ... on Level 3 of the Dungeon.
             The game lasted 00:05:38 (3980 turns).

Malachi the Skirmisher (Demonspawn Abyssal Knight)  Turns: 3980, Time: 00:05:39

HP   0/35        AC  6     Str 13      XL: 4   Next: 54%
MP   6/6         EV  8     Int 15      God: Lugonu [**....]
Gold 116         SH  0     Dex 15      Spells:  0 memorised,  3 levels left

Res.Fire  : . . .   See Invis. : .   f - +1,+0 spear (venom)
Res.Cold  : . . .   Warding    : .   n - +0 scale mail
Life Prot.: . . .   Conserve   : .   (no shield)
Res.Poison: .       Res.Corr.  : .   (no helmet)
Res.Elec. : .       Clarity    : .   (no cloak)
Sust.Abil.: . .     Spirit.Shd : +   (no gloves)
Res.Mut.  : .       Stasis     : .   (no boots)
Res.Rott. : .       Flight     : .   (no amulet)
Saprovore : . . .                    k - ring of wizardry
                                     j - +2 ring of intelligence

@: mildly poisoned, slightly resistant to hostile enchantments, extremely
unstealthy
A: thin skeletal structure 1, magic shield
a: Depart the Abyss, Bend Space, Renounce Religion


You were on level 3 of the Dungeon.
You worshipped Lugonu.
Lugonu was pleased with you.
You were near starving.

You visited 1 branch of the dungeon, and saw 3 of its levels.
You visited the Abyss 1 time.

You collected 116 gold pieces.

Inventory:

Hand weapons
 a - a +2,+2 hand axe
 f - a +1,+0 spear of venom (weapon)
 s - a +0,+1 sabre
Armour
 n - a +0 scale mail (worn)
 x - a +0 elven chain mail
Comestibles
 c - 2 bread rations
 g - an apple
 m - a cheese
 p - a lemon
 q - a sausage
 r - 15 sultanas
 z - a meat ration
 B - a choko
Scrolls
 e - 3 scrolls of identify {unknown}
 h - a scroll of amnesia {unknown}
 l - 2 scrolls of fog {unknown}
 y - a scroll of noise {unknown}
 A - a scroll of recharging {unknown}
Jewellery
 j - a +2 ring of intelligence (left hand)
 k - a ring of wizardry (right hand)
Potions
 b - 2 potions of magic {unknown}
 d - a potion of confusion {unknown}
 o - 2 potions of paralysis
 t - a potion of porridge {unknown}
 u - a potion of cure mutation {unknown}


   Skills:
 + Level 4.0 Fighting
 * Level 1.2 Short Blades
 - Level 2.3 Axes
 + Level 2.1 Armour
 + Level 1.4 Dodging
 + Level 0.2 Stealth
 * Level 3.1 Invocations


You had 3 spell levels left.
You didn't know any spells.

Dungeon Overview and Level Annotations

Branches:
Dungeon (3/16)

Altars:


Innate Abilities, Weirdness & Mutations

You have a somewhat thin skeletal structure (Dex +2, Stlth).
When hurt, damage is shared between your health and your magic reserves.


Message History

You start resting.
* * * LOW HITPOINT WARNING * * *
You feel sick.
You start resting.
* * * LOW HITPOINT WARNING * * *
You feel sick.
You start resting.
* * * LOW HITPOINT WARNING * * *
You feel sick.
You start resting.
* * * LOW HITPOINT WARNING * * *
You feel sick.
You start resting.
* * * LOW HITPOINT WARNING * * *
You feel sick.
You start resting.
* * * LOW HITPOINT WARNING * * *
You feel sick.
You start resting.
You die...

#...........#
#...........#
#...........######..
#...........'....... ##
#..........(########
.###...........(.#####..
.'.<.....................
.###.....#.#####.#####..
## ###+#.#......@#######
.##.....(......#
##............#
#............#
#............#
#............#
#............
............ ..........


There were no monsters in sight!

Vanquished Creatures
  3 adders (D:3)
  2 giant mites
  An inept item mimic (D:3)
  5 orcs (D:3)
  2 ball pythons
  2 giant cockroaches (D:1)
  2 goblins (D:2)
  13 hobgoblins
  2 jackals (D:2)
  5 kobolds
  7 bats
  A giant newt (D:1)
  2 quokkas (D:2)
  5 rats
52 creatures vanquished.

Notes
Turn   | Place    | Note
--------------------------------------------------------------
     0 | Abyss:1  | Malachi, the Demonspawn Abyssal Knight, began the quest for the Orb.
     0 | Abyss:1  | Reached XP level 1. HP: 16/16 MP: 1/1
    21 | D:1      | Escaped the Abyss
   319 | D:1      | Reached skill level 1 in Dodging
   566 | D:1      | Gained mutation: When hurt, damage is shared between your health and your magic reserves. [demonic ancestry]
   566 | D:1      | Reached XP level 2. HP: 20/22 MP: 2/2
   579 | D:1      | Acquired Lugonu's second power
  1247 | D:2      | Gained mutation: You have a somewhat thin skeletal structure (Dex +2, Stlth). [demonic ancestry]
  1247 | D:2      | Reached XP level 3. HP: 19/28 MP: 2/4
  1321 | D:2      | Paralysed by a potion of paralysis for 7 turns
  3152 | D:3      | Reached XP level 4. HP: 24/34 MP: 4/6
  3351 | D:3      | Reached skill level 4 in Fighting
  3351 | D:3      | Reached skill level 1 in Short Blades
  3616 | D:3      | HP: 1/35 [poisoned by an adder]
  3978 | D:3      | HP: 1/35 [poisoned by a kobold]
  3980 | D:3      | Succumbed to a kobold's poison

Action                   |  1- 3 |  4- 6 || total
-------------------------+-------+-------++-------
Melee: Hand axe          |    67 |       ||    67
       Sabre             |   114 |    39 ||   153
  Use: Potion            |     2 |     4 ||     6
